 Dungeon Crawl Stone Soup version 0.28-a0-1374-ga75cb3825e (webtiles) character file.

Game seed: 5159116954300483696

4141 mtoz the Fighter (level 10, -3/129 (136) HPs)
             Began as a Minotaur Berserker on Jan 1, 2022.
             Was a Believer of Trog.
             Slain by a two-headed ogre (13 damage)
             ... on level 7 of the Dungeon.
             The game lasted 00:42:32 (10481 turns).

mtoz the Fighter (Minotaur Berserker)              Turns: 10481, Time: 00:42:33

HP:   -3/129 (136)  AC: 16    Str: 27    XL:     10   Next: 7%
MP:   9/9           EV: 10    Int:  4    God:    Trog [**....]
Gold: 405           SH:  0    Dex:  9    Spells: 9/9 levels left

rFire   x . .      SeeInvis .   s - +0 war axe
rCold   + . .      Faith    .   (no shield)
rNeg    . . .      Spirit   .   x - +0 plate armour
rPois   .          Reflect  .   (helmet restricted)
rElec   .          Harm     .   (no cloak)
rCorr   .          Rampage  .   (no gloves)
Will    .....      Clarity  +   k - +1 pair of boots {Stlth+}
Stlth   ..........              (no amulet)
HPRegen 0.31/turn               j - ring of ice
MPRegen 0.11/turn               (no ring)

@: berserking, drained, very quick
A: horns 2, retaliatory headbutt, claws 1, clarity
a: Renounce Religion, Berserk, Trog's Hand


You were on level 7 of the Dungeon.
You worshipped Trog.
Trog was pleased with you.
You visited 2 branches of the dungeon, and saw 9 of its levels.

You collected 405 gold pieces.

Inventory:

Hand Weapons
 a - a +0 spectral hand axe
 c - a +0 trident
 e - a +0 mace
 f - a +0 spear
 i - a +0 spear
 p - a +0 flail
 q - a +3 flail of holy wrath
 s - a +0 war axe (weapon)
 E - a +0 spear
Armour
 d - +0 steam dragon scales
 g - a +2 ring mail of poison resistance
 h - +0 steam dragon scales
 k - a +1 pair of boots of stealth (worn)
 x - a +0 plate armour (worn)
Jewellery
 j - a ring of ice (left claw)
 n - a ring of magical power
Wands
 C - a wand of polymorph (7)
 G - a wand of paralysis (10)
 H - a wand of iceblast (6)
Scrolls
 b - a scroll of fear
 r - a scroll of blinking
 y - a scroll of immolation
 B - a scroll of fog
 I - a scroll of summoning
Potions
 l - 2 potions of degeneration
 m - a potion of invisibility
 o - a potion of might
 t - a potion of magic
 A - 3 potions of curing


   Skills:
 + Level 9.5 Fighting
 + Level 9.5 Axes
 + Level 9.1 Armour
 + Level 8.3 Dodging


You had 9 spell levels left.
You didn't know any spells.
Your spell library was empty.

Dungeon Overview and Level Annotations

Branches:
Dungeon (8/15)             Temple (1/1) D:5
   Lair: D:8-11

Altars:
Dithmenos

Shops:
D:2 *!(   D:6 (


Innate Abilities, Weirdness & Mutations

You have a pair of horns on your head.
You reflexively headbutt those who attack you in melee.
You have sharp fingernails.
You possess an exceptional clarity of mind.


Message History

You completely miss the two-headed ogre.
The two-headed ogre is moderately wounded.
The two-headed ogre closely misses you. You furiously retaliate!
You headbutt the two-headed ogre!
The two-headed ogre completely misses you.
The wight hits you from afar with a +5 trident!
You feel drained.
You hit the two-headed ogre.
Your headbutt misses the two-headed ogre.
The two-headed ogre is severely wounded.
The wight barely misses you.
You hit the two-headed ogre but do no damage.
The two-headed ogre is heavily wounded.
The two-headed ogre misses you. The two-headed ogre barely misses you.
You recover from your berserk rage.
You hit the two-headed ogre but do no damage.
The two-headed ogre is heavily wounded.
The two-headed ogre completely misses you.
The two-headed ogre closely misses you.
You completely miss the two-headed ogre.
The two-headed ogre hits you with a +0 giant spiked club!!
The two-headed ogre barely misses you.
There is a stone staircase leading up here.
The two-headed ogre hits you with a +0 giant spiked club!
The two-headed ogre hits you with a +0 giant club!
* * * LOW HITPOINT WARNING * * *
You climb upwards.
There is a stone staircase leading down here.
A red film seems to cover your vision as you go berserk!
You feel yourself moving faster!
You feel mighty!
The two-headed ogre hits you with a +0 giant spiked club!
* * * LOW HITPOINT WARNING * * *
The two-headed ogre hits you with a +0 giant club!
* * * LOW HITPOINT WARNING * * *
You hit the two-headed ogre. You headbutt the two-headed ogre!
The two-headed ogre is moderately wounded.
You slice the two-headed ogre!!
The two-headed ogre is severely wounded.
The two-headed ogre hits you with a +0 giant spiked club!
You die...

).....#.#..# #.# #.######
...##...#..####.# #.#
..)##...#.......#########.##
...)#....^.##...(..........#
..<..............########..#
....).....###.##.# #..#
...[#[.#### #.##.# #..# ##(.#..#
#.##O# #..# #..#..#
#.##@########..# #..#..#
#.##.......(...# ##..#..#
#.############.#### .......# #.#
#.##≈## ##..##.######.# #..≈≈≈##
...........(..# #..#≈≈≈≈
##..##.#.##################....≈≈
...###.#.##...............###.###
#### #.#.##.#############.###.#


You could see a two-headed ogre.

Vanquished Creatures
  A wizard (D:8)
  Sigmund (D:4)
  A wyvern (D:7)
  A basilisk (D:8)
  Menkaure (D:5)
  3 steam dragons
  Edmund (D:5)
  An ice beast (D:5)
  3 necrophages
  2 orc warriors (D:7)
  A sky beast (D:6)
  2 centaurs
  3 ogres
  A gnoll sergeant (D:6)
  2 kobold brigands (D:8)
  2 scorpions
  A bullfrog (D:7)
  A wyvern zombie (D:8)
  A water moccasin skeleton (D:5)
  4 killer bees (D:4)
  An electric eel (D:8)
  A howler monkey (D:7)
  A centaur zombie (D:8)
  A bullfrog zombie (D:7)
  6 hounds
  2 jellies
  5 iguanas
  3 orc wizards
  A scorpion zombie (D:5)
  A killer bee zombie (D:5)
  4 adders
  11 gnolls
  A white imp (D:5)
  2 ufetubi
  4 dart slugs (D:1)
  28 orcs
  4 bats
  5 endoplasms
  3 giant cockroaches
  10 goblins
  6 hobgoblins
  15 kobolds
  4 quokkas
  5 ball pythons
  5 frilled lizards
  3 rats
165 creatures vanquished.

Vanquished Creatures (others)
  An adder (D:5)
1 creature vanquished.

Grand Total: 166 creatures vanquished

Notes
Turn   | Place    | Note
-------+----------+-------------------------------------------
     0 | D:1      | mtoz the Minotaur Berserker began the quest for the Orb.
     0 | D:1      | Reached XP level 1. HP: 19/19 MP: 0/0
   100 | D:1      | Reached XP level 2. HP: 4/27 MP: 1/1
   534 | D:1      | Found a faded altar of an unknown god.
   594 | D:1      | You fall into a shaft and drop 1 floor!
   722 | D:1      | Reached XP level 3. HP: 27/33 MP: 2/2
  1167 | D:2      | Found Enuriogruy's Antique Weapon Boutique.
  1518 | D:2      | Found Gofediaq's Distillery.
  1593 | D:2      | Found Siom's Assorted Antiques.
  2160 | D:3      | Reached ** piety under Trog
  2341 | D:3      | Reached XP level 4. HP: 33/40 MP: 3/3
  3183 | D:4      | Noticed Sigmund
  3183 | D:4      | Noticed a necrophage
  3191 | D:3      | Killed a necrophage
  3192 | D:3      | Reached XP level 5. HP: 47/47 MP: 4/4
  3493 | D:4      | Reached skill level 5 in Axes
  3498 | D:4      | Killed Sigmund
  3499 | D:4      | Reached skill level 5 in Fighting
  3499 | D:4      | Reached XP level 6. HP: 56/56 MP: 5/5
  3610 | D:4      | Reached skill level 5 in Armour
  3747 | D:4      | Reached XP level 7. HP: 62/62 MP: 6/6
  3903 | D:4      | Found a shadowy altar of Dithmenos.
  4353 | D:4      | Reached skill level 5 in Dodging
  4434 | D:5      | Entered Level 5 of the Dungeon
  4492 | D:5      | Gained mutation: You have hidden genetic potential. [potion
                  | of mutation]
  4631 | D:5      | Found a staircase to the Ecumenical Temple.
  4633 | D:5      | Noticed a steam dragon
  4636 | D:6      | Found Pefuteed's Weapon Boutique.
  4758 | D:5      | Reached XP level 8. HP: 56/71 MP: 7/7
  4959 | Temple   | Entered the Ecumenical Temple
  5082 | D:5      | Noticed Menkaure
  5479 | D:6      | Gained mutation: You have sharp fingernails. [hidden
                  | potential]
  5855 | D:5      | Noticed Edmund
  5867 | D:5      | Killed Edmund
  6376 | D:5      | Killed Menkaure
  6823 | D:6      | Reached XP level 9. HP: 63/81 MP: 8/8
  7749 | D:6      | Gained mutation: You possess an exceptional clarity of
                  | mind. [hidden potential]
  7749 | D:6      | Lost mutation: You have hidden genetic potential. [hidden
                  | potential expressed]
  9650 | D:8      | Noticed a wizard
 10435 | D:8      | Killed a wizard
 10436 | D:8      | Reached XP level 10. HP: 91/91 MP: 9/9
 10454 | D:8      | Noticed a two-headed ogre
 10455 | D:8      | Noticed a two-headed ogre
 10481 | D:7      | Slain by a two-headed ogre

Illustrated notes

Levels and vault maps discovered:
D:1:      nzn_arrival_crosshair, layout_loops_ring,
          dreamdust_ecumenical_altar_hidden_monk_grotto, nicolae_grassy_gnolls
D:2:      layout_basic, serial_shops, shop, shop, nicolae_shop_waterfront
D:3:      layout_basic, minmay_misc_feat_more_columns, minmay_misc_feat_rugged
D:4:      layout_loops_cross, general_overflow_altar, uniq_sigmund
D:5:      layout_loops_ring, minmay_temple_entry_proselytizer, uniq_edmund,
          uniq_menkaure
D:6:      layout_loops_corners, serial_shops, nicolae_stop_n_shop_2
D:7:      minmay_spotlight, layout_loops_ring, enter_bailey_3,
          chequers_serial_rivers_small_a
D:8:      cheibrodos_wizards_tower, layout_basic, kennysheep_generic_room_16
Temple:   mainiacjoe_temple_circle_huts

Skill      XL: |  1  2  3  4  5  6  7  8  9 |
---------------+----------------------------+-----
Fighting       | 4 5 6 7 9 |  9.5
Axes           | 4 5 6 7 9 |  9.5
Armour         | 3 4 5 6 7 9 |  9.1
Dodging        | 3 4 5 6 8 |  8.3

Action                   |  1- 3 |  4- 6 |  7- 9 | 10-12 || total
-------------------------+-------+-------+-------+-------++-------
Melee: Hand axe          |    83 |    70 |   105 |       ||   258
       Headbutt          |    13 |    17 |    66 |     2 ||    98
       War axe           |       |       |   199 |     9 ||   208
Invok: Berserk           |     1 |     2 |     7 |     1 ||    11
       Trog's Hand       |       |     2 |     9 |     1 ||    12
  Use: Potion            |     1 |     1 |     8 |       ||    10
       Scroll            |       |     7 |     7 |       ||    14
 Stab: Distracted        |       |       |     1 |       ||     1
Armor: Scale mail        |     9 |       |       |       ||     9
       Ring mail         |    22 |     3 |       |       ||    25
       Chain mail        |       |    30 |   117 |       ||   147
       Plate armour      |       |       |    53 |     1 ||    54
Dodge: Dodged            |    47 |    31 |   180 |    10 ||   268

Table legend: (Time is in decaauts)
 A = Elapsed time spent in this place.
 B = Non-inter-level travel time spent in this place.
 C = Inter-level travel time spent in this place.
 D = Time resting spent in this place.
 E = Time spent auto-exploring this place.
 F = Levels seen in this place.
 G = Mean time per level.
                   A        B        C        D        E       F      G
               +--------+--------+--------+--------+--------+-----+--------+
         Total |  10615 |  10357 |    258 |   2428 |   6180 |   9 | 1179.4 |
       Dungeon |  10537 |  10279 |    258 |   2354 |   6180 |   8 | 1317.1 |
        Temple |     77 |     77 |      0 |     74 |      0 |   1 |   77.0 |
               +--------+--------+--------+--------+--------+-----+--------+

Top non-repeatable levels by time:
     D:6: 2364 daAuts
     D:7: 1595 daAuts
     D:3: 1554 daAuts
     D:5: 1254 daAuts
     D:1: 1169 daAuts
     D:2: 894 daAuts
     D:4: 870 daAuts
     D:8: 835 daAuts
  Temple: 77 daAuts
